 Dungeon Crawl Stone Soup version 0.21.1-1-g345015f (webtiles) character file.

2782 olivier the Blocker (level 9, -5/74 HPs)
             Began as a Gnoll Fighter on July 6, 2018.
             Slain by an orc warrior
             ... wielding a +0 flail
              (10 damage)
             ... on level 7 of the Dungeon.
             The game lasted 00:25:20 (5598 turns).

olivier the Blocker (Gnoll Fighter)                 Turns: 5598, Time: 00:25:22

Health: -5/74      AC: 13    Str: 21    XL:     9   Next: 70%
Magic:  0/15       EV:  7    Int: 12    God:    Xom [..*...]
Gold:   762        SH: 11    Dex: 14    Spells: 16/16 levels left

rFire    + + .     SeeInvis .   H - +0 spear (pierce)
rCold    + . .     Gourm    .   c - +0 shield
rNeg     . . .     Faith    .   d - +0 plate armour
rPois    +         Spirit   +   q - +2 hat
rElec    +         Reflect  .   (no cloak)
rCorr    +         Harm     .   (no gloves)
MR       .....                  D - +0 pair of boots of the Morning {+Blink} (curse)
Stlth    ..........             y - amulet of guardian spirit
HPRegen  0.22/turn              k - ring of poison resistance
MPRegen  0.14/turn              z - ring of protection from fire

@: resistant
A: distributed training, fangs 1, molten scales 1, camouflage 1, deformed body,
mutation resistance 1, strong nose
a: Renounce Religion, Evoke Blink


You were on level 7 of the Dungeon.
You worshipped Xom.
You were a toy of Xom.
You were not hungry.

You visited 1 branch of the dungeon, and saw 7 of its levels.

You collected 762 gold pieces.

Inventory:

Hand Weapons
 a - a +0 war axe
 G - a +0 whip of electrocution
 H - a +0 spear of piercing (weapon)
Armour
 c - a +0 shield (worn)
 d - a +0 plate armour (worn)
 m - a +0 chain mail
 q - a +2 hat (worn)
 D - the cursed +0 pair of boots of the Morning (worn) {+Blink}
   (You found it on level 5 of the Dungeon)

   It lets you blink.
   It has a curse placed upon it.
Jewellery
 k - a ring of poison resistance (left hand)
 o - an uncursed ring of fire
 y - an amulet of guardian spirit (around neck)
 z - a ring of protection from fire (right hand)
 E - an uncursed ring of fire
 F - an uncursed ring of ice {unknown}
Wands
 n - a wand of digging (14)
 u - a wand of acid (11)
 A - a wand of random effects (44)
Scrolls
 g - 8 scrolls of identify
 h - 6 scrolls of remove curse
 i - 2 scrolls of magic mapping {unknown}
 j - 3 scrolls of fear {unknown}
 l - 6 scrolls of teleportation {unknown}
 p - 3 scrolls of enchant weapon {unknown}
 s - a scroll of immolation {unknown}
 v - a scroll of blinking {unknown}
 w - a scroll of enchant armour {unknown}
 x - 2 scrolls of amnesia {unknown}
Potions
 b - a potion of brilliance
 e - a potion of cancellation
 t - 3 potions of flight
 B - a potion of berserk rage
 I - a potion of might
Books
 C - a book of Cantrips

   Spells                             Type                      Level
   a - Confusing Touch                Hexes                        1
   b - Animate Skeleton               Necromancy                   1
   c - Summon Small Mammal            Summoning                    1
   d - Apportation                    Translocation                1
Comestibles
 f - 11 rations


   Skills:
 + Level 8.0 Fighting
 + Level 4.4 Short Blades
 + Level 4.4 Long Blades
 + Level 6.4 Axes
 + Level 4.4 Maces & Flails
 + Level 4.4 Polearms
 + Level 4.4 Staves
 + Level 4.4 Slings
 + Level 4.4 Bows
 + Level 4.4 Crossbows
 + Level 4.4 Throwing
 + Level 8.0 Armour
 + Level 4.4 Dodging
 + Level 4.4 Stealth
 + Level 8.0 Shields
 + Level 4.4 Unarmed Combat
 + Level 4.4 Spellcasting
 + Level 3.6 Conjurations
 + Level 3.6 Hexes
 + Level 3.6 Charms
 + Level 3.6 Summonings
 + Level 3.6 Necromancy
 + Level 3.6 Translocations
 + Level 3.6 Transmutations
 + Level 3.6 Fire Magic
 + Level 3.6 Ice Magic
 + Level 3.6 Air Magic
 + Level 3.6 Earth Magic
 + Level 3.6 Poison Magic
 + Level 4.9 Invocations
 + Level 4.4 Evocations


You had 16 spell levels left.
You didn't know any spells.

Dungeon Overview and Level Annotations

Branches:
Dungeon (7/15)             Temple (0/1) D:4

Altars:
Ashenzari
Fedhas
Kikubaaqudgha
Trog
Vehumet
Xom
Zin


Innate Abilities, Weirdness & Mutations

Your experience applies equally to all skills.
You have very sharp teeth.
Your uncanny sense of smell can sniff out nearby items.
You are partially covered in molten scales. (AC +2)
Your skin changes colour to match your surroundings (Stealth+).
Armour fits poorly on your strangely shaped body.
You are somewhat resistant to further mutation.


Message History

The orc warrior is moderately wounded.
The orc warrior closely misses your shadow imp.
You feel protected.
Your shadow imp hits the orc warrior but does no damage.
The orc priest calls down the wrath of Beogh upon you.
Beogh smites you!
* * * LOW HITPOINT WARNING * * *
The orc warrior closely misses your shadow imp.
Your plate armour prevents you from hitting the orc warrior.
You bite the orc warrior, but do no damage.
The orc warrior is moderately wounded.
Your shadow imp hits the orc warrior.
You hit the orc warrior but do no damage.
The orc warrior is moderately wounded.
Xom's attention almost turns to you for a moment.
Shadowy shapes form in the air around you, then vanish.
Your shadow imp hits the orc warrior but does no damage.
The orc warrior hits you with a flail!
You die...
Xom snickers!

#....#...8#............##.
#....#....#.............#.
#...)#....#.###.........#.
#....+....#...............
###########....#.###.........#.
#.........#....#.# #...........
#................# #.......)#..
#.........#....#.# #........#.#
#.........#8.5@#.# ##.....()...
#####+########o#.# #...##)##..
#...o#.# #...##.##..
#....#.####...##.##..
#....#.##.#_.........
#....#...........##..
#....#.##............
#....#_..............
#....#.##......##....


You could see an orc warrior, an orc priest and a friendly shadow imp.

Vanquished Creatures
  The ghost of dscm the Digger, an amateur OpEE (D:4)
  A hippogriff (D:7)
  Eustachio (D:4)
  Sigmund (D:3)
  A hungry ghost (D:7)
  An ice beast (D:7)
  An orc warrior (D:5)
  A phantom (D:6)
  A sky beast (D:6)
  2 ogres
  A centaur (D:7)
  A big kobold (D:6)
  A bullfrog (D:7)
  A scorpion (D:5)
  2 howler monkeys
  2 crimson imps
  4 hounds
  2 gnoll shamans
  2 orc priests
  9 orc wizards
  Jessica (D:2)
  Terence (D:3)
  2 iguanas
  4 worker ants
  A killer bee zombie (D:6)
  12 adders
  10 gnolls
  A shadow imp (D:7)
  An ooze (D:4)
  An adder zombie (D:5)
  An adder skeleton (D:4)
  A worm (D:2)
  3 dart slugs
  10 leopard geckos
  28 orcs
  5 bats
  8 giant cockroaches
  11 goblins
  8 hobgoblins
  2 jackals (D:2)
  6 quokkas
  8 frilled lizards
  17 kobolds
  A quokka skeleton (D:4)
  A quokka zombie (D:5)
  11 rats
191 creatures vanquished.

Vanquished Creatures (others)
  A fire vortex (D:4)
1 creature vanquished.

Grand Total: 192 creatures vanquished

Notes
Turn   | Place    | Note
-------+----------+-------------------------------------------
     0 | D:1      | olivier the Gnoll Fighter began the quest for the Orb.
     0 | D:1      | Reached XP level 1. HP: 23/23 MP: 1/1
   183 | D:1      | Reached XP level 2. HP: 27/29 MP: 2/2
   388 | D:1      | Reached XP level 3. HP: 35/35 MP: 3/3
   656 | D:1      | Found a shadowy altar of Dithmenos.
   658 | D:1      | Found a shimmering altar of Xom.
   658 | D:1      | Found a hazy altar of Hepliaklqana.
   660 | D:1      | Found a glowing silver altar of Zin.
   660 | D:1      | Found a blossoming altar of Fedhas.
   660 | D:1      | Found a shimmering altar of Xom.
   680 | D:1      | Became a worshipper of Xom of Chaos
   864 | D:2      | Noticed Jessica
   873 | D:2      | Killed Jessica
   873 | D:2      | Reached skill level 1 in Short Blades
   873 | D:2      | Reached skill level 1 in Long Blades
   873 | D:2      | Reached skill level 1 in Maces & Flails
   873 | D:2      | Reached skill level 1 in Polearms
   873 | D:2      | Reached skill level 1 in Staves
   873 | D:2      | Reached skill level 1 in Slings
   873 | D:2      | Reached skill level 1 in Bows
   873 | D:2      | Reached skill level 1 in Crossbows
   873 | D:2      | Reached skill level 1 in Throwing
   873 | D:2      | Reached skill level 1 in Dodging
   873 | D:2      | Reached skill level 1 in Stealth
   873 | D:2      | Reached skill level 1 in Unarmed Combat
   873 | D:2      | Reached skill level 1 in Spellcasting
   873 | D:2      | Reached skill level 1 in Invocations
   873 | D:2      | Reached skill level 1 in Evocations
   873 | D:2      | Reached XP level 4. HP: 27/41 MP: 5/5
  1192 | D:2      | Reached skill level 1 in Conjurations
  1192 | D:2      | Reached skill level 1 in Hexes
  1192 | D:2      | Reached skill level 1 in Charms
  1192 | D:2      | Reached skill level 1 in Summonings
  1192 | D:2      | Reached skill level 1 in Necromancy
  1192 | D:2      | Reached skill level 1 in Translocations
  1192 | D:2      | Reached skill level 1 in Transmutations
  1192 | D:2      | Reached skill level 1 in Fire Magic
  1192 | D:2      | Reached skill level 1 in Ice Magic
  1192 | D:2      | Reached skill level 1 in Air Magic
  1192 | D:2      | Reached skill level 1 in Earth Magic
  1192 | D:2      | Reached skill level 1 in Poison Magic
  1448 | D:3      | Reached XP level 5. HP: 47/47 MP: 6/6
  1495 | D:3      | Noticed Terence
  1517 | D:3      | Killed Terence
  1827 | D:3      | Reached XP level 6. HP: 53/53 MP: 8/8
  1833 | D:3      | Found a radiant altar of Vehumet.
  1984 | D:3      | Noticed Sigmund
  1986 | D:3      | XOM: potion effect (agility)
  1990 | D:3      | XOM: potion effect (brilliance)
  1991 | D:3      | XOM: harmless Erth miscast
  2001 | D:3      | Killed Sigmund
  2001 | D:3      | Reached skill level 5 in Axes
  2121 | D:4      | Found a shattered altar of Ashenzari.
  2241 | D:4      | XOM: potion effect (brilliance)
  2251 | D:4      | Reached XP level 7. HP: 57/59 MP: 10/10
  2297 | D:4      | XOM: mild Fire miscast
  2320 | D:4      | Noticed Eustachio
  2328 | D:4      | XOM: divine lightning
  2338 | D:4      | Killed Eustachio
  2401 | D:4      | Found a staircase to the Ecumenical Temple.
  2407 | D:4      | Noticed dscm's ghost (amateur OpEE)
  2441 | D:4      | Killed dscm's ghost
  2517 | D:4      | Found a shattered altar of Ashenzari.
  2618 | D:4      | XOM: give mutations
  2618 | D:4      | Gained mutation: Your flesh is heat resistant. (rF+) [Xom's grace]
  2618 | D:4      | Gained mutation: You are somewhat resistant to further mutation. [Xom's grace]
  2618 | D:4      | Gained mutation: You are partially covered in molten scales. (AC +2) [Xom's grace]
  2757 | D:5      | Entered Level 5 of the Dungeon
  2767 | D:4      | Reached XP level 8. HP: 32/67 MP: 5/12
  2819 | D:5      | XOM: repel stairs
  2899 | D:5      | XOM: give mutations
  2899 | D:5      | Lost mutation: Your flesh is heat resistant. (rF+) [Xom's mischief]
  2899 | D:5      | Gained mutation: You are frail. (-10% HP) [Xom's mischief]
  2899 | D:5      | Gained mutation: Scrolls take you a little longer to read. [Xom's mischief]
  2948 | D:5      | Got a pair of steaming boots
  2954 | D:5      | Identified the cursed +0 pair of boots of the Morning {+Blink} (You found it on level 5 of the Dungeon)
  2992 | D:5      | XOM: give mutations
  2992 | D:5      | Gained mutation: Armour fits poorly on your strangely shaped body. [Xom's mischief]
  2992 | D:5      | Gained mutation: Your skin changes colour to match your surroundings (Stealth+). [Xom's mischief]
  2992 | D:5      | Gained mutation: You are weak. (Str -2) [Xom's mischief]
  3022 | D:5      | XOM: polymorph orc wizard -> scorpion
  3044 | D:5      | XOM: blink monster(s)
  3057 | D:4      | XOM: polymorph gnoll -> worker ant
  3114 | D:4      | XOM: cloud trail
  3142 | D:4      | XOM: enchant monster (bad)
  3618 | D:5      | Found a blossoming altar of Fedhas.
  3620 | D:5      | Found an ancient bone altar of Kikubaaqudgha.
  3728 | D:6      | XOM: noise
  3792 | D:6      | XOM: blink monster(s)
  3934 | D:6      | Reached XP level 9. HP: 61/64 MP: 14/14
  4003 | D:6      | Found a bloodstained altar of Trog.
  4061 | D:6      | XOM: harmless Necr miscast
  4083 | D:5      | XOM: confuse monster(s)
  4100 | D:5      | HP: 2/65 [something/magic dart (4)]
  4109 | D:5      | Lost mutation: Scrolls take you a little longer to read. [potion of mutation]
  4109 | D:5      | Lost mutation: You are frail. (-10% HP) [potion of mutation]
  4109 | D:5      | Lost mutation: You are weak. (Str -2) [potion of mutation]
  4563 | D:7      | XOM: 1-stop teleportation journey
  4603 | D:7      | XOM: god gift: scroll labeled QOULOR ASAMP {god gift}
  4736 | D:7      | XOM: scenery: create altars
  4746 | D:7      | XOM: fog
  4753 | D:7      | XOM: god gift: 3 rations
  5576 | D:7      | XOM: summons friendly shadow imp
  5578 | D:7      | XOM: scenery: 1 doors close
  5590 | D:7      | XOM: harmless Conj miscast
  5598 | D:7      | XOM: harmless Summ miscast
  5598 | D:7      | Slain by an orc warrior

Skill      XL: |  1  2  3  4  5  6  7  8  9 |
---------------+----------------------------+-----
Short Blades   | 1 2 3 4 |  4.4
Long Blades    | 1 2 3 4 |  4.4
Maces & Flails | 1 2 3 4 |  4.4
Polearms       | 1 2 3 4 |  4.4
Staves         | 1 2 3 4 |  4.4
Slings         | 1 2 3 4 |  4.4
Bows           | 1 2 3 4 |  4.4
Crossbows      | 1 2 3 4 |  4.4
Throwing       | 1 2 3 4 |  4.4
Dodging        | 1 2 3 4 |  4.4
Stealth        | 1 2 3 4 |  4.4
Unarmed Combat | 1 2 3 4 |  4.4
Spellcasting   | 1 2 3 4 |  4.4
Invocations    | 1 2 3 4 |  4.9
Evocations     | 1 2 3 4 |  4.4
Conjurations   | 1 2 3 |  3.6
Hexes          | 1 2 3 |  3.6
Charms         | 1 2 3 |  3.6
Summonings     | 1 2 3 |  3.6
Necromancy     | 1 2 3 |  3.6
Translocations | 1 2 3 |  3.6
Transmutations | 1 2 3 |  3.6
Fire Magic     | 1 2 3 |  3.6
Ice Magic      | 1 2 3 |  3.6
Air Magic      | 1 2 3 |  3.6
Earth Magic    | 1 2 3 |  3.6
Poison Magic   | 1 2 3 |  3.6
Axes           | 5 6 |  6.4
Fighting       | 7 8 |  8.0
Armour         | 7 8 |  8.0
Shields        | 7 8 |  8.0

Action                   |  1- 3 |  4- 6 |  7- 9 || total
-------------------------+-------+-------+-------++-------
Melee: War axe           |    76 |   174 |   155 ||   405
       Bite              |     5 |    18 |    72 ||    95
       Whip              |       |       |   166 ||   166
       Spear             |       |       |   240 ||   240
 Abil: Evoke Blink       |       |       |     2 ||     2
Evoke: Wand              |       |       |     4 ||     4
  Use: Scroll            |       |     2 |       ||     2
       Potion            |       |       |     8 ||     8
  Eat: Chunk             |       |     5 |     7 ||    12
       Ration            |       |       |     3 ||     3
Armor: Scale mail        |    15 |       |       ||    15
       Chain mail        |    15 |    95 |   173 ||   283
       Plate armour      |       |       |    93 ||    93
Dodge: Dodged            |    17 |    35 |   151 ||   203
Block: Shield            |    56 |   107 |   300 ||   463
